 Dungeon Crawl Stone Soup version 0.29.1-15-g9cfb28693d (webtiles) character file.

Game seed: 14482388269458885325

68 RitorJet the Shield-Bearer (level 4, -3/40 HPs)
             Began as a Minotaur Fighter on Apr 9, 2023.
             Slain by a gnoll
             ... wielding a +0 flail
              (8 damage)
             ... on level 2 of the Dungeon.
             The game lasted 00:02:36 (1377 turns).

RitorJet the Shield-Bearer (Minotaur Fighter)       Turns: 1377, Time: 00:02:37

Health: -3/40      AC:  8    Str: 21 (23) XL:     4   Next: 1%
Magic:  3/3        EV: 12    Int:  3 (5)  God:
Gold:   9          SH:  7    Dex:  7 (9)  Spells: 3/3 levels left

rFire   . . .      SeeInvis .   a - +0 war axe
rCold   . . .      Faith    .   m - +0 kite shield
rNeg    . . .      Spirit   .   b - +0 scale mail
rPois   .          Reflect  .   (helmet restricted)
rElec   .          Harm     .   l - +0 cloak
rCorr   .          Rampage  .   (no gloves)
Will    .....                   (no boots)
Stlth   ..........              (no amulet)
HPRegen 0.13/turn               g - +4 ring of evasion
MPRegen 0.08/turn               (no ring)

@: no status effects
A: horns 2, retaliatory headbutt
a: no special abilities


You were on level 2 of the Dungeon.
You visited 1 branch of the dungeon, and saw 2 of its levels.

You collected 58 gold pieces.
You spent 49 gold pieces at shops.

Inventory:

Hand Weapons
 a - a +0 war axe (weapon)
Armour
 b - a +0 scale mail (worn)
 c - a +0 buckler
 l - a +0 cloak (worn)
 m - a +0 kite shield (worn)
Jewellery
 g - a +4 ring of evasion (left hand)
Scrolls
 f - a scroll of summoning {unknown}
 i - a scroll of teleportation {unknown}
 j - a scroll of identify {unknown}
 k - a scroll of enchant armour {unknown}
Potions
 d - a potion of might
 h - 2 potions of flight {unknown}


   Skills:
 + Level 4.1 Fighting
 * Level 3.6 Axes
 + Level 4.1 Armour
 + Level 1.3 Dodging
 + Level 4.1 Shields


You had 3 spell levels left.
You didn't know any spells.
Your spell library was empty.

Dungeon Overview and Level Annotations

Branches:
Dungeon (2/15)

Altars:

Shops:
D:2 [:[


Innate Abilities, Weirdness & Mutations

You have a pair of horns on your head.
You reflexively headbutt those who attack you in melee.


Message History

The gnoll is almost dead.
You hit the gnoll. You block the gnoll's attack. The gnoll barely misses you.
The gnoll misses you. The gnoll completely misses you.
The gnoll hits you from afar with a +0 spear.
You block the gnoll's attack.
Unknown command.
You hit the gnoll but do no damage.
The gnoll is almost dead.
You barely miss the gnoll. The gnoll barely misses you. The gnoll misses you.
The gnoll hits you with a +0 flail.
Unknown command.
You barely miss the gnoll.
The gnoll is almost dead.
You hit the gnoll but do no damage. The gnoll closely misses you.
You block the gnoll's attack. x2; The gnoll closely misses you.
The gnoll barely misses you. The gnoll hits you with a +0 flail.
Unknown command.
You hit the gnoll but do no damage.
You headbutt the gnoll, but do no damage.
The gnoll is almost dead.
You hit the gnoll but do no damage. The gnoll barely misses you.
You block the gnoll's attack. The gnoll hits you with a +0 flail.
Unknown command.
You hit the gnoll.
You kill the gnoll!
You hit the gnoll.
The gnoll hits you from afar with a +0 spear!
You block the gnoll's attack. The gnoll hits you with a +0 flail.
* * * LOW HITPOINT WARNING * * *
The gnoll hits you but does no damage.
You have reached level 4!
You feel stronger.
Unknown command.
You see here 11 gold pieces.
The gnoll attacks as you move away! You block the gnoll's attack.
It was a potion of degeneration.
There was something very wrong with that liquid.
You feel weakened.
You feel dopey.
You feel clumsy. The gnoll hits you with a +0 flail!
You die...

# #..†.......# #.#....##..∩.. #
#..........# #.####.###⌠)⌠.
#####.........######.####.###....
....†.....##.....................
..........##..######.###.....##..
..P.......##..# #.# #..#..##..
P∩....#.......######.# #.........
P.P...........##.....# ##..#.###.
.....##.########@#####...........
........# #g# #...........
..#.....# #g#####.......#.#.
..####### ##..............g.
....# #)†...........#.#.# #####
#........####. . .. # #........#
## .... # #......... # #.........


You could see 2 gnolls.

Vanquished Creatures
  2 gnolls
  3 worms (D:2)
  A dart slug (D:1)
  4 bats
  3 endoplasms
  4 giant cockroaches
  4 goblins
  4 hobgoblins
  A quokka (D:2)
  A ball python (D:2)
  5 kobolds
  3 rats (D:1)
35 creatures vanquished.

Vanquished Creatures (others)
  5 plants
5 creatures vanquished.

Grand Total: 40 creatures vanquished

Notes
Turn   | Place    | Note
-------+----------+-------------------------------------------
     0 | D:1      | RitorJet the Minotaur Fighter began the quest for the Orb.
     0 | D:1      | Reached XP level 1. HP: 19/19 MP: 0/0
   154 | D:1      | Reached XP level 2. HP: 10/27 MP: 1/1
   687 | D:1      | Reached skill level 1 in Dodging
   701 | D:1      | Reached XP level 3. HP: 33/33 MP: 2/2
   890 | D:1      | Found a faded altar of an unknown god.
  1152 | D:2      | Found Nompot's Antique Armour Emporium.
  1295 | D:2      | Found Geolinyth's Armour Boutique.
  1319 | D:2      | Bought a +0 kite shield for 49 gold pieces
  1333 | D:2      | Found Aruani's Book Shoppe.
  1373 | D:2      | Reached XP level 4. HP: 5/40 MP: 3/3
  1377 | D:2      | Slain by a gnoll

Illustrated notes

Levels and vault maps discovered:
D:1:      nzn_arrival_settlement, layout_loops_ring,
          dilly_ecumenical_altar_fadedgnrine, kennysheep_nondescript
D:2:      layout_basic, serial_shops, nicolae_shop_hallway_plus,
          nicolae_shop_crystal, nicolae_shop_overgrown_old_shop, shop_fountains,
          shop, minmay_misc_feat_pillars

Skill      XL: |  1  2  3 |
---------------+----------+-----
Axes           | 3 |  3.6
Dodging        | 1 |  1.3
Armour         | 4 |  4.1
Fighting       | 4 |  4.1
Shields        | 4 |  4.1

Action                   |  1- 3 |  4- 6 || total
-------------------------+-------+-------++-------
Melee: War axe           |    82 |       ||    82
       Headbutt          |     9 |       ||     9
  Use: Potion            |       |     1 ||     1
Armor: Scale mail        |    25 |       ||    25
Dodge: Dodged            |    56 |       ||    56
Block: Buckler           |    13 |       ||    13
       Kite shield       |    11 |     1 ||    12
